 Dungeon Crawl Stone Soup version 0.22-a0-608-g8a62e23 (webtiles) character file.

105 Hebeh the Magician (level 4, -7/25 HPs)
             Began as a Deep Elf Fire Elementalist on July 9, 2018.
             Mangled by Grinder (8 damage)
             ... on level 3 of the Dungeon.
             The game lasted 00:10:48 (3358 turns).

Hebeh the Magician (Deep Elf Fire Elementalist)     Turns: 3358, Time: 00:10:49

Health: -7/25      AC:  2    Str:  6    XL:     4   Next: 53%
Magic:  1/12       EV: 13    Int: 20    God:
Gold:   99         SH:  0    Dex: 15    Spells: 8/11 levels left

rFire    . . .     SeeInvis .   a - +0 spear (freeze)
rCold    . . .     Gourm    .   (no shield)
rNeg     . . .     Faith    .   t - +0 robe
rPois    .         Spirit   .   (no helmet)
rElec    .         Reflect  .   (no cloak)
rCorr    .         Harm     .   (no gloves)
MR       .....                  (no boots)
Stlth    ++........             (no amulet)
HPRegen  0.08/turn              (no ring)
MPRegen  0.13/turn              (no ring)

@: no status effects
A: no striking features
a: no special abilities


You were on level 3 of the Dungeon.
You were not hungry.

You visited 1 branch of the dungeon, and saw 3 of its levels.

You collected 99 gold pieces.

Inventory:

Hand Weapons
 a - a +0 spear of freezing (weapon)
 q - a +1 long sword of slicing
Missiles
 d - 61 stones (quivered)
 i - 22 sling bullets
 p - 2 tomahawks
Armour
 t - a +0 robe (worn)
Jewellery
 b - an uncursed ring of fire {unknown}
 k - a +3 ring of dexterity {unknown}
Scrolls
 e - a scroll of remove curse {unknown}
 m - a scroll of identify {unknown}
 n - a scroll of immolation {unknown}
 o - a scroll of random uselessness {unknown}
 r - a scroll of noise {unknown}
Potions
 f - a potion of lignification {unknown}
 g - 2 potions of curing {unknown}
 j - a potion of flight {unknown}
 l - a potion of might {unknown}
 s - a potion of heal wounds {unknown}
Comestibles
 c - 7 rations
 h - 4 chunks of flesh


   Skills:
 + Level 1.0 Fighting
 - Level 2.4 Dodging
 - Level 2.4 Stealth
 * Level 4.3 Spellcasting
 * Level 2.5 Conjurations
 * Level 4.2 Fire Magic


You had 8 spell levels left.
You knew the following spells:

 Your Spells              Type           Power        Failure   Level  Hunger
a - Flame Tongue          Conj/Fire      ###..        3%          1    None
b - Throw Flame           Conj/Fire      ###...       4%          2    #......

Your spell library contained the following spells:

 Spells                   Type           Power        Failure   Level  Hunger
 Fireball                 Conj/Fire      ###.......   65%         5    ######.
 Conjure Flame            Conj/Fire      ###.....     10%         3    ###....
 Sticky Flame             Conj/Fire      ###.....     30%         4    ####...
 Inner Flame              Hex/Fire       ##......     16%         3    ###....


Dungeon Overview and Level Annotations

Branches:
Dungeon (3/15)

Altars:

Annotations:
D:3 Grinder


Message History

Aiming: Flame Tongue (safe; 3% risk of failure)
Press: ? - help, Shift-Dir - straight line, f - Grinder
Aim: Grinder The flame tongue hits Grinder.
Grinder appears unharmed.
Casting: Flame Tongue (safe; 3% risk of failure)
Confirm with . or Enter, or press ? or * to list all spells.
You don't have enough magic to cast that spell.
Grinder blinks!
You see here an adder corpse.
You hit Grinder but do no damage. Grinder hits you.
You writhe in agony.
You hit Grinder.
Grinder is lightly wounded.
Grinder hits you.
* * * LOW HITPOINT WARNING * * *
You writhe in agony.
* * * LOW HITPOINT WARNING * * *
You barely miss Grinder.
Grinder is lightly wounded.
Grinder hits you!
You die...

#.....# #.###.# #.#
#.# #.# #.# ##
#.###'### ...
#.......# ....
#.......# ..†..
#.......######......
#.........5@†.......
#.......######....(.
####.....#.# .#...
#..........###.## # #
#.....)........)#
#..........###..#
#............#..#
#..........#.#..# #
#..........#.#..#.#.#


You could see Grinder.

Vanquished Creatures
  3 gnolls (D:3)
  An adder (D:3)
  An ooze (D:2)
  3 worms (D:2)
  A leopard gecko (D:2)
  2 orcs (D:3)
  7 bats
  4 giant cockroaches
  7 goblins
  A hobgoblin (D:3)
  2 jackals (D:3)
  9 kobolds
  A quokka (D:3)
  A ball python (D:3)
  2 frilled lizards (D:2)
  5 rats
50 creatures vanquished.

Notes
Turn   | Place    | Note
-------+----------+-------------------------------------------
     0 | D:1      | Hebeh the Deep Elf Fire Elementalist began the quest for the Orb.
     0 | D:1      | Reached XP level 1. HP: 10/10 MP: 6/6
   366 | D:1      | Reached XP level 2. HP: 15/15 MP: 6/8
   775 | D:1      | You fall through a shaft!
   998 | D:2      | Reached XP level 3. HP: 10/20 MP: 2/10
  2126 | D:2      | Found a faded altar of an unknown god.
  2594 | D:3      | Learned a level 2 spell: Throw Flame
  2703 | D:3      | Reached XP level 4. HP: 9/24 MP: 2/12
  3332 | D:3      | Reached skill level 1 in Fighting
  3347 | D:3      | Noticed Grinder
  3357 | D:3      | HP: 1/25 [Grinder (5)]
  3358 | D:3      | Mangled by Grinder

Vault maps used:
D:1:      sevenhm_arrival_forest_fort_small_6, minmay_tree_intersection
D:2:      first_ration, serial_co_window_serial, co_window_paths_a,
          co_window_corner_a, co_window_paths_a, co_window_paths_a,
          co_window_of_opportunity_a, co_window_broadway_c, co_window_paths_c,
          co_window_paths_c, co_window_unsneaky_path_c, co_window_paths_d,
          co_window_paths_e, glass_columns_b, glass_columns_a, glass_columns_b,
          glass_columns_a, glass_columns_a,
          chequers_ecumenical_altar_simple_redux, feat_on_display
D:3:      uniq_robin, uniq_grinder

Skill      XL: |  1  2  3  4 |
---------------+-------------+-----
Conjurations   | 2 |  2.5
Spellcasting   | 4 |  4.3
Fire Magic     | 4 |  4.2
Fighting       | 1 |  1.0
Dodging        | |  2.4
Stealth        | |  2.4

Action                   |  1- 3 |  4- 6 || total
-------------------------+-------+-------++-------
Melee: Spear             |       |     3 ||     3
Throw: Stone             |    33 |    17 ||    50
 Cast: Flame Tongue      |    77 |    19 ||    96
       Throw Flame       |       |     7 ||     7
  Eat: Chunk             |     4 |       ||     4
       Ration            |     1 |       ||     1
Armor: Robe              |     2 |     3 ||     5
Dodge: Dodged            |    12 |    12 ||    24

Table legend:
 A = Spawn XP
 B = Non-spawn XP
 C = Spawn XP percentage of total XP
 D = Spawn monster count
 E = Non-spawn monster count
 F = Spawn count percentage of total count
 G = Total turns spent on level
                    A         B        C        D         E        F      G
               +---------+---------+-------+---------+---------+-------+---------
         Total |       0 |     150 |   0.0 |       0 |      50 |   0.0 |  3358
               +---------+---------+-------+---------+---------+-------+---------
           D:1 |       0 |      25 |   0.0 |       0 |      14 |   0.0 |   930
           D:2 |       0 |      47 |   0.0 |       0 |      21 |   0.0 |  1712
           D:3 |       0 |      78 |   0.0 |       0 |      15 |   0.0 |   716
               +---------+---------+-------+---------+---------+-------+---------
